AoeStats
← 八贤王

Arabia

504230171Analyzed
3v3 RM · 28d ago on Sep 4, 2026· 85m 57s· 6 players
Game mode
Random Map
Map size
Normal (6 player)
Population
200
Speed
Normal
Resources
Standard
Victory
Conquest
Starting age
Dark Age
Ending age
Imperial Age
RankedLock teamsTeams togetherTeam positionsShared explorationLock speedFull tech treeHidden civsTurbo modeCheats
Victory
Defeat
🇨🇳 Maya · China
903
+20
🇫🇷 Huns · France
885
+15
🇨🇳 Celts · China
885
+15
🇨🇳 Vietnamese · China
906
-16
🇨🇳 Cumans · China
849
-14
🇨🇱 Franks · Chile
844
-14
八贤王
0:40 Loom
11:12 Feudal Age
12:24 Double-Bit Axe
15:17 Gold Mining
17:40 Horse Collar
25:47 Castle Age
28:30 Gold Shaft Mining
27:46 Stone Mining
28:10 Bow Saw
28:03 Heavy Plow
28:28 Thumb Ring
31:18 Padded Archer Armor
31:09 Fletching
34:09 Imperial Age
32:37 Wheelbarrow
33:23 Leather Archer Armor
33:04 Bodkin Arrow
37:21 Chemistry
36:42 Ballistics
40:14 Parthian Tactics
40:08 Elite Kipchak
40:45 Heavy Cavalry Archer
42:20 Pikeman
43:17 Halberdier
47:02 Squires
46:48 Arson
47:04 Capped Ram
48:41 Siege Ram
62:18 Elite Skirmisher
63:40 Imperial Skirmisher
Mitsui
7:09 Loom
9:53 Feudal Age
10:41 Double-Bit Axe
21:30 Castle Age
21:38 Gold Mining
22:04 Crossbowman
25:19 Town Watch
26:46 Bow Saw
30:28 Horse Collar
30:36 Elite Skirmisher
32:28 Padded Archer Armor
45:32 Leather Archer Armor
48:16 Imperial Age
46:28 Thumb Ring
46:33 Husbandry
46:34 Fletching
47:31 Ballistics
47:19 Chatras
48:34 Elite Rattan Archer
50:11 Bodkin Arrow
50:47 Ring Archer Armor
50:53 Paper Money
50:17 Elite Battle Elephant
51:33 Stone Mining
52:57 Chemistry
52:41 Bracer
55:25 Two-Man Saw
54:43 Bloodlines
54:44 Scale Barding Armor
54:50 Forging
57:16 Wheelbarrow
61:08 Murder Holes
73:21 Light Cavalry
74:27 Chain Barding Armor
74:42 Iron Casting
DEMBOW
9:44 Feudal Age
10:29 Double-Bit Axe
17:28 Castle Age
16:48 Gold Mining
22:20 Wheelbarrow
21:58 Bow Saw
22:50 Husbandry
25:36 Elite Skirmisher
26:38 Stone Mining
28:24 Fletching
33:52 Imperial Age
34:04 Cavalier
35:36 Forging
35:32 Scale Barding Armor
35:23 Bodkin Arrow
35:28 Padded Archer Armor
39:43 Chain Barding Armor
39:59 Iron Casting
40:11 Hand Cart
42:08 Chivalry
42:29 Conscription
42:49 Iron Casting
47:43 Blast Furnace
47:19 Plate Barding Armor
46:45 Scale Mail Armor
46:42 Imperial Skirmisher
47:12 Light Cavalry
47:56 Paladin
52:53 #83
59:39 Ballistics
60:19 Chemistry
futong48
0:40 Loom
11:35 Feudal Age
12:16 Double-Bit Axe
17:42 Castle Age
17:48 Fletching
18:19 Scale Barding Armor
18:33 Bow Saw
24:29 Thumb Ring
26:21 Horse Collar
30:36 Bodkin Arrow
31:02 Chain Barding Armor
34:53 Bloodlines
34:43 Husbandry
34:59 Gold Mining
34:59 Stone Mining
37:41 Marauders
37:57 Forging
42:49 Imperial Age
40:58 Wheelbarrow
42:01 Gold Shaft Mining
43:11 Hand Cart
44:54 Chemistry
44:16 Ballistics
43:34 Heavy Cavalry Archer
45:43 Two-Man Saw
45:56 Parthian Tactics
45:48 Bracer
46:44 Conscription
47:40 Plate Barding Armor
48:20 Elite Tarkan
51:52 Iron Casting
55:09 Blast Furnace
80:41 Heavy Plow
AhQuan
1:35 Loom
10:38 Feudal Age
11:57 Wheelbarrow
11:10 Horse Collar
11:17 Double-Bit Axe
19:55 Castle Age
18:28 Stone Mining
21:32 Stone Shaft Mining
21:51 Pikeman
23:10 Hand Cart
23:55 Bow Saw
25:57 Gambesons
26:45 Stronghold
32:26 Scale Mail Armor
32:37 Forging
32:17 Fletching
39:18 Imperial Age
36:50 Murder Holes
37:08 Masonry
40:08 Capped Ram
42:33 Conscription
42:49 Hoardings
42:29 Siege Ram
47:03 Furor Celtica
47:22 Ballistics
47:26 Halberdier
51:30 Elite Woad Raider
58:28 Chemistry
64:04 Chain Mail Armor
64:25 Iron Casting
63:46 Bodkin Arrow
edliu1989
0:30 Loom
11:01 Feudal Age
11:30 Double-Bit Axe
14:23 Horse Collar
18:55 Forging
23:53 Castle Age
22:46 Stone Mining
22:47 Gold Mining
23:56 Elite Skirmisher
24:31 Fletching
24:58 Bow Saw
25:32 Bodkin Arrow
25:39 Padded Archer Armor
25:45 Crossbowman
27:24 Padded Archer Armor
31:04 Leather Archer Armor
30:47 Bodkin Arrow
35:18 Pikeman
39:19 Eagle Warrior
42:57 Imperial Age
40:52 Squires
40:41 Arson
51:06 Elite Eagle Warrior
51:15 Elite Plumed Archer
52:52 Halberdier
Connection lost

Rejoining the realm…

Still unreachable

The connection could not be restored.

Session expired

The server has moved on; the page needs a fresh start.